 Dungeon Crawl Stone Soup version 0.27-a0-1144-g0b7d3b79db (webtiles) character file.

Game seed: 13506992732239318337

341 polve the Ruffian (level 6, 0/47 HPs)
             Began as a Demonspawn Abyssal Knight on May 10, 2021.
             Was a Believer of Lugonu.
             Slain by a bullfrog (5 damage)
             ... in a sewer.
             The game lasted 00:03:09 (3872 turns).

polve the Ruffian (Demonspawn Abyssal Knight)       Turns: 3872, Time: 00:03:09

Health: 0/47       AC:  6    Str: 14    XL:     6   Next: 30%
Magic:  7/7        EV:  9    Int: 13    God:    Lugonu [**....]
Gold:   96         SH:  0    Dex: 13    Spells: 5/5 levels left

rFire    . . .     SeeInvis .     - Unarmed
rCold    . . .     Faith    .   (no shield)
rNeg     . . .     Spirit   .   a - +0 scale mail
rPois    .         Reflect  .   (no helmet)
rElec    .         Harm     .   (no cloak)
rCorr    .         Rampage  .   (no gloves)
Will     .....                  (no boots)
Stlth    ..........             (no amulet)
HPRegen  0.15/turn              (no ring)
MPRegen  0.10/turn              (no ring)

@: no status effects
A: claws 1, demonic guardian 1
a: Renounce Religion, Depart the Abyss, Bend Space


You were in a sewer.
You worshipped Lugonu.
Lugonu was pleased with you.
You visited 1 branch of the dungeon, and saw 3 of its levels.
You visited the Abyss 1 time.
You also visited: Sewer.

You collected 96 gold pieces.

Inventory:

Armour
 a - a +0 scale mail (worn)
 b - a +0 leather armour
 c - a +0 ring mail
Scrolls
 d - a scroll of vulnerability {unknown}
 e - a scroll of acquirement {unknown}
 f - a scroll of summoning {unknown}
 h - a scroll of amnesia {unknown}
Potions
 g - a potion of heal wounds
 i - a potion of curing


   Skills:
 - Level 3.0 Fighting
 - Level 2.5 Short Blades
 - Level 1.7 Armour
 - Level 0.8 Dodging
 + Level 5.4 Unarmed Combat
 - Level 2.4 Invocations


You had 5 spell levels left.
You didn't know any spells.
Your spell library contained the following spells:

 Spells                   Type           Power      Damage    Failure   Level
 Corona                   Hex            0%         N/A       78%         1
 Ensorcelled Hibernation  Hex/Ice        0%         N/A       89%         2
 Confusing Touch          Hex            0%         N/A       98%         3
 Dazzling Flash           Conj/Hex       0%         N/A       98%         3
 Tukima's Dance           Hex            0%         N/A       98%         3


Dungeon Overview and Level Annotations

Branches:
Dungeon (3/15)              Sewer (1/1)

Altars:
Qazlal

Annotations:
D:3 1 runed translucent door, Crazy Yiuf, Natasha


Innate Abilities, Weirdness & Mutations

You have sharp fingernails.
A weak demonic guardian rushes to your aid.


Message History

You barely miss the bullfrog. The bullfrog hits you. x2
You claw the bullfrog!
The bullfrog is heavily wounded.
The bullfrog hits you but does no damage.
You closely miss the bullfrog.
The bullfrog is heavily wounded.
The bullfrog hits you but does no damage.
You barely miss the bullfrog.
The bullfrog is heavily wounded.
The bullfrog hits you.
The bullfrog hits you but does no damage.
You scratch the bullfrog but do no damage.
The bullfrog is heavily wounded.
The bullfrog hits you.
You barely miss the bullfrog.
The bullfrog is heavily wounded.
The bullfrog snags a nearby fly with its tongue.
The bullfrog hits you.
* * * LOW HITPOINT WARNING * * *
The bullfrog hits you but does no damage.
You scratch the bullfrog.
The bullfrog is heavily wounded.
The bullfrog barely misses you.
You closely miss the bullfrog.
The bullfrog is heavily wounded.
The bullfrog hits you but does no damage.
You miss the bullfrog.
The bullfrog is heavily wounded.
The bullfrog hits you.
* * * LOW HITPOINT WARNING * * *
A demonic guardian appears!
The bullfrog hits you.
* * * LOW HITPOINT WARNING * * *
You scratch the bullfrog.
The bullfrog is severely wounded.
The bullfrog hits you.
* * * LOW HITPOINT WARNING * * *
Your scale mail prevents you from hitting the bullfrog.
The bullfrog is severely wounded.
The bullfrog hits you.
You die...

### #.≈≈≈≈≈≈≈≈≈≈≈≈ # #.#
#.≈≈≈≈≈≈≈.≈?.≈ # #∩#
#.≈≈≈≈≈≈≈≈[[$. # #.#
#.≈≈≈≈≈≈≈≈.$.≈ # #∩#
#.≈≈≈.≈≈≈≈≈..≈ # #†#
#.÷≈≈.≈≈≈≈≈≈≈≈ # #.#
#.≈≈≈.≈5≈≈≈≈≈≈ #
##≈###.≈≈≈F≈≈≈≈≈≈≈≈ #
#.≈.##.≈≈≈@#≈≈≈≈≈≈≈ #
#.≈≈##.≈≈≈.#≈≈≈≈≈≈≈ #
#.≈≈##.≈≈≈.###≈≈≈≈≈ #
#.≈≈##.≈≈≈.# ##### #
#≈≈≈##≈≈≈≈.# # #≈≈≈##≈≈≈≈≈#
#
##.≈≈##≈≈≈≈≈################
#..≈≈≈≈≈≈≈≈≈≈†..≈≈≈.≈≈≈.....
#.≈≈≈≈≈≈≈≈≈≈≈≈≈≈≈≈≈≈≈≈≈≈≈≈≈≈


You could see a bullfrog (ally target) and a friendly iron imp (summoned).

Vanquished Creatures
  A bullfrog (Sewer)
  Jessica (D:2)
  Natasha (D:3)
  2 adders
  A river rat (D:3)
  A dart slug (D:2)
  5 endoplasms
  9 giant cockroaches
  A hobgoblin (D:3)
  5 kobolds
  8 quokkas
  7 ball pythons
  5 bats
  6 frilled lizards
  4 goblins
  7 rats
64 creatures vanquished.

Vanquished Creatures (collateral kills)
  Sigmund (D:2)
  A river rat (D:3)
2 creatures vanquished.

Grand Total: 66 creatures vanquished

Notes
Turn   | Place    | Note
-------+----------+-------------------------------------------
     0 | Abyss:1  | polve the Demonspawn Abyssal Knight began the quest for the
                  | Orb.
     0 | Abyss:1  | Reached XP level 1. HP: 18/18 MP: 2/2
    46 | Abyss:1  | Noticed a sun demon
    58 | Abyss:1  | Noticed a thrashing horror
    59 | D:1      | Escaped the Abyss
   455 | D:1      | Gained mutation: You have sharp fingernails. [demonic
                  | ancestry]
   455 | D:1      | Reached XP level 2. HP: 24/24 MP: 3/3
   482 | D:1      | Reached * piety under Lugonu
   498 | D:1      | Found a faded altar of an unknown god.
   965 | D:1      | Reached skill level 1 in Unarmed Combat
  1519 | D:2      | Gained mutation: A weak demonic guardian rushes to your
                  | aid. [demonic ancestry]
  1519 | D:2      | Reached XP level 3. HP: 8/29 MP: 4/4
  1805 | D:2      | Reached skill level 2 in Unarmed Combat
  2145 | D:2      | Noticed Jessica
  2161 | D:2      | Killed Jessica
  2162 | D:2      | Reached XP level 4. HP: 10/35 MP: 5/5
  2407 | D:2      | Noticed Sigmund
  2424 | D:2      | Killed Sigmund
  2425 | D:2      | Reached skill level 4 in Unarmed Combat
  2425 | D:2      | Reached XP level 5. HP: 6/41 MP: 6/6
  2847 | D:3      | Found a stormy altar of Qazlal.
  2905 | D:3      | Noticed Natasha
  2919 | D:3      | Killed Natasha
  3041 | D:3      | Noticed Natasha
  3221 | D:3      | Found a runed translucent door.
  3222 | D:3      | Noticed Crazy Yiuf
  3428 | D:3      | Found a glowing drain.
  3432 | D:3      | Reached ** piety under Lugonu
  3443 | Sewer    | Entered a sewer
  3483 | Sewer    | Reached skill level 5 in Unarmed Combat
  3559 | Sewer    | Reached XP level 6. HP: 35/47 MP: 7/7
  3872 | Sewer    | Slain by a bullfrog

Illustrated notes

Levels and vault maps discovered:
D:1:      wander_arrival_chamber, layout_basic, chequers_ecumenical_altar_grove
D:2:      layout_loops_ring, uniq_jessica, uniq_sigmund
D:3:      layout_basic, nicolae_qazlal_scattered_showers, serial_shops, shop,
          portal_sewer_entry_e, uniq_natasha, uniq_crazy_yiuf_cottage
Sewer:    sewer_frog_island_01

Skill      XL: |  1  2  3  4  5 |
---------------+----------------+-----
Short Blades   | 2 |  2.5
Unarmed Combat | 1 2 4 5 |  5.4
Fighting       | |  3.0
Armour         | |  1.7
Dodging        | |  0.8
Invocations    | |  2.4

Action                   |  1- 3 |  4- 6 || total
-------------------------+-------+-------++-------
Melee: Short sword       |   122 |    14 ||   136
       Punch             |     1 |     1 ||     2
       Unarmed           |       |   124 ||   124
Invok: Depart the Abyss  |     1 |       ||     1
  Use: Potion            |       |     2 ||     2
Armor: Ring mail         |    46 |     1 ||    47
       Leather armour    |     2 |       ||     2
       Scale mail        |       |    32 ||    32
Dodge: Dodged            |    66 |    44 ||   110

Table legend: (Time is in decaauts)
 A = Elapsed time spent in this place.
 B = Non-inter-level travel time spent in this place.
 C = Inter-level travel time spent in this place.
 D = Time resting spent in this place.
 E = Time spent auto-exploring this place.
 F = Levels seen in this place.
 G = Mean time per level.
                   A        B        C        D        E       F      G
               +--------+--------+--------+--------+--------+-----+--------+
         Total |   3888 |   3710 |    178 |      0 |   3114 |   5 |  777.6 |
       Dungeon |   3380 |   3202 |    178 |      0 |   2799 |   3 | 1126.7 |
         Abyss |     65 |     65 |      0 |      0 |     50 |   1 |   65.0 |
         Sewer |    443 |    443 |      0 |      0 |    264 |   1 |  443.0 |
               +--------+--------+--------+--------+--------+-----+--------+

Top non-repeatable levels by time:
     D:1: 1451 daAuts
     D:2: 1384 daAuts
     D:3: 544 daAuts
   Sewer: 443 daAuts
 Abyss:1: 65 daAuts
